Map: Efflorescence LE

Players

YumShots

  • Race: Protoss Protoss
  • League: Silver
  • Spawn Location: 3:00

MacroCanons

  • Race: Protoss Protoss
  • League: Platinum
  • Spawn Location: 12:00

Subwaymaker - Winner!

  • Race: Protoss Protoss
  • League: Gold
  • Spawn Location: 9:00

Mesrob - Winner!

  • Race: Terran Terran
  • Spawn Location: 6:00

VOD

Have the link to the VOD?

Description

Time

  • Played on: Oct. 4, 2019, 10:16 p.m.
  • Length: 14:24
Show
View Real Time Build Order
Export as new Build Order

YumShots Protoss 

Build Orders:  

Get SALT Encoding   

  12  0:01  Probe  
  13  0:14  Pylon  
  13  0:22  Assimilator  
  13  0:28  Probe  
  14  0:38  Gateway  
  14  0:42  Probe (Chrono Boost)  
  15  0:53  Probe (Chrono Boost)  
  16  0:57  Probe (Chrono Boost)  
  16  1:02  Forge  
  17  1:08  Assimilator  
  17  1:13  Probe  
  18  1:31  Cybernetics Core  
  18  1:45  Gateway  
  18  1:51  Pylon  
  18  1:53  Probe (Chrono Boost)  
  19  2:03  Probe (Chrono Boost)  
  19  2:05  Warp Gate (Chrono Boost)  
  19  2:08  Probe (Chrono Boost)  
  21  2:20  Twilight Council  
  21  2:24  Probe  
  22  2:42  Photon Cannon  
  22  2:53  Photon Cannon  
  22  2:59  Charge  
  22  3:03  Protoss Ground Weapons Level 1  
  22  3:19  Robotics Facility  
  18  3:46  Probe  
  19  4:01  Gateway  
  19  4:05  Warp Prism (Chrono Boost)  
  21  4:22  Probe (Chrono Boost)  
  22  4:24  Dark Shrine  
  22  5:10  Nexus  
  22  5:11  Observer  
  23  5:28  Zealot  
  25  5:29  Zealot x2  
  18  6:07  Zealot x2  
  18  6:08  Zealot  
  20  6:42  Probe (Chrono Boost)  
  17  6:51  Probe (Chrono Boost)  
  17  6:52  Stalker  
  17  6:53  Stalker  
  21  6:57  Probe (Chrono Boost)  
  22  7:05  Probe (Chrono Boost)  
  23  7:15  Probe (Chrono Boost)  
  24  7:22  Probe (Chrono Boost)  
  23  7:24  Probe (Chrono Boost)  
  24  7:34  Probe (Chrono Boost)  
  24  7:36  Probe (Chrono Boost)  
  26  7:43  Probe (Chrono Boost)  
  28  7:52  Probe (Chrono Boost)  
  28  7:53  Probe (Chrono Boost)  
  29  8:00  Probe (Chrono Boost)  
  29  8:05  Probe (Chrono Boost)  
  31  8:15  Pylon  
  31  8:16  Probe (Chrono Boost)  
  31  8:17  Assimilator  
  32  8:26  Protoss Ground Weapons Level 2  
  32  8:33  Pylon  
  32  8:39  Gateway  
  32  8:41  Gateway  
  32  8:43  Pylon  
  36  8:48  Immortal  
  36  8:53  Pylon  
  36  9:03  Stalker  
  35  9:28  Nexus  
  35  9:31  Zealot  
  35  9:32  Zealot x2  
  35  9:33  Zealot  
  43  9:55  Zealot  
  43  9:56  Zealot  
  43  9:57  Zealot  
  49  10:01  Observer  
  50  10:17  Probe  
  51  10:29  Probe  
  51  10:31  Forge  
  52  10:35  Zealot  
  52  10:36  Zealot x3  
  60  10:53  Probe (Chrono Boost)  
  61  11:02  Probe (Chrono Boost)  
  61  11:03  Dark Templar  
  64  11:05  Dark Templar  
  64  11:07  Probe (Chrono Boost)  
  67  11:12  Dark Templar  
  67  11:17  Observer  
  69  11:19  Shadow Stride  
  69  11:21  Observer, Probe (Chrono Boost)  
  69  11:23  Probe (Chrono Boost)  
  71  11:29  Observer  
  71  11:31  Probe (Chrono Boost)  
  73  11:36  Probe (Chrono Boost)  
  74  12:09  Pylon  
  74  12:26  Gateway  
  37  12:59  Gateway  
  37  13:04  Gateway  
  37  13:07  Gateway  
  37  13:13  Dark Templar x2  
  37  13:14  Dark Templar x2  
  37  13:16  Dark Templar  
  36  13:33  Zealot  
  32  13:35  Probe (Chrono Boost)  
  32  13:39  Gateway  
  27  13:45  Probe (Chrono Boost)  
  25  13:50  Probe (Chrono Boost)  
  26  13:59  Nexus  
Show
View Real Time Build Order
Export as new Build Order

MacroCanons Protoss 

Build Orders: Zealot Archon 

Get SALT Encoding   

  12  0:00  Probe  
  13  0:12  Probe  
  14  0:19  Pylon  
  14  0:25  Probe  
  15  0:37  Probe (Chrono Boost)  
  15  0:40  Gateway  
  16  0:49  Probe (Chrono Boost)  
  17  0:50  Assimilator  
  17  0:57  Assimilator  
  17  0:58  Probe (Chrono Boost)  
  18  1:08  Probe  
  19  1:20  Probe  
  20  1:28  Pylon  
  20  1:32  Probe  
  21  1:35  Cybernetics Core  
  21  1:44  Probe  
  21  1:46  Assimilator  
  22  1:55  Gateway  
  22  1:56  Probe (Chrono Boost)  
  23  2:08  Probe (Chrono Boost)  
  24  2:12  Warp Gate, Probe (Chrono Boost)  
  25  2:23  Adept, Probe  
  27  2:35  Probe  
  28  2:37  Robotics Facility  
  28  2:45  Stalker  
  28  2:47  Probe  
  31  2:58  Pylon  
  31  3:17  Sentry, Probe  
  34  3:21  Gateway  
  34  3:29  Probe  
  34  3:33  Observer  
  36  3:41  Probe  
  37  3:42  Pylon  
  37  3:53  Probe  
  38  4:01  Gateway  
  38  4:03  Gateway  
  38  4:05  Probe, Gateway  
  38  4:07  Gateway  
  39  4:13  Twilight Council  
  39  4:17  Sentry  
  39  4:21  Probe  
  42  4:28  Immortal (Chrono Boost)  
  46  4:50  Probe  
  47  5:04  Nexus  
  47  5:07  Assimilator  
  47  5:11  Assimilator  
  47  5:20  Pylon  
  47  5:22  Pylon  
  47  5:25  Probe  
  47  5:38  Immortal, Probe  
  47  5:39  Charge  
  52  5:43  Templar Archives  
  52  6:00  Forge  
  52  6:02  Forge  
  52  6:04  Pylon  
  52  6:15  Immortal (Chrono Boost)  
  56  6:22  Psionic Storm  
  56  6:46  Probe (Chrono Boost)  
  58  6:56  Probe (Chrono Boost)  
  58  6:57  Probe (Chrono Boost)  
  59  7:01  Probe (Chrono Boost)  
  60  7:11  Pylon, Probe  
  60  7:14  Pylon  
  61  7:18  Protoss Ground Armor Level 1 (Chrono Boost), Protoss Ground Weapons Level 1 (Chrono Boost)  
  61  7:28  High Templar  
  61  7:29  High Templar  
  65  7:43  High Templar  
  67  7:46  Archon  
  67  7:53  Immortal  
  67  7:57  Probe (Chrono Boost)  
  73  8:06  Stargate  
  73  8:07  Probe (Chrono Boost)  
  73  8:08  Probe (Chrono Boost)  
  73  8:10  Stargate  
  74  8:14  Probe (Chrono Boost)  
  75  8:25  Nexus  
  75  8:26  Pylon  
  75  8:30  Assimilator  
  74  8:34  Assimilator  
  74  8:35  Stalker x2  
  73  9:32  Pylon, Probe (Chrono Boost)  
  74  9:40  Photon Cannon  
  74  9:43  Probe (Chrono Boost)  
  74  9:44  Photon Cannon  
  75  9:52  Probe (Chrono Boost)  
  76  9:57  Probe (Chrono Boost)  
  77  10:00  Probe  
  78  10:08  Protoss Ground Weapons Level 2 (Chrono Boost)  
  78  10:09  Protoss Ground Armor Level 2 (Chrono Boost), Probe  
  79  10:16  Observer  
  80  10:34  High Templar x5  
  80  10:35  High Templar x2  
  94  10:38  Archon x2  
  94  10:39  Archon  
  94  10:44  Probe (Chrono Boost)  
  96  10:54  Probe x2 (Chrono Boost)  
  97  10:59  Probe (Chrono Boost)  
  98  11:07  High Templar x2  
  98  11:08  High Templar x2  
  98  11:10  Probe  
  107  11:16  Probe  
  107  11:17  Probe  
  109  11:23  Probe  
  109  11:25  High Templar x2  
  114  11:35  Probe  
  114  11:40  Gateway  
  114  11:41  Gateway  
  114  11:45  High Templar x2  
  118  11:47  Probe  
  119  11:59  Probe  
  120  12:02  High Templar x2  
  120  12:04  Nexus  
  124  12:08  Assimilator  
  124  12:11  Probe  
  124  12:12  Assimilator, Archon x2  
  124  12:13  Archon  
  124  12:15  Archon  
  125  12:23  Probe  
  108  12:32  Zealot x5  
  108  12:35  Probe  
  91  12:43  Zealot x2  
  73  12:53  Zealot x3  
  73  12:54  Zealot x2  
  73  12:58  Probe  
  84  13:16  High Templar x3  
  84  13:17  High Templar x5  
  100  13:21  Zealot  
  100  13:26  Archon x2  
  102  13:27  Archon x2  
  54  13:49  Zealot x2  
  54  13:50  Zealot x5  
  54  13:51  Zealot  
Show
View Real Time Build Order
Export as new Build Order

Subwaymaker Protoss - Winner!

Build Orders: Colossus Rush 

Get SALT Encoding   

  12  0:01  Probe  
  13  0:13  Probe  
  14  0:20  Pylon  
  14  0:25  Probe  
  15  0:38  Probe  
  15  0:41  Gateway  
  16  0:50  Probe (Chrono Boost)  
  16  0:54  Assimilator  
  17  1:03  Probe (Chrono Boost)  
  18  1:09  Probe (Chrono Boost)  
  19  1:16  Pylon  
  19  1:17  Probe (Chrono Boost)  
  20  1:20  Gateway  
  20  1:29  Probe (Chrono Boost)  
  20  1:32  Cybernetics Core  
  21  1:40  Probe (Chrono Boost)  
  21  1:42  Assimilator  
  22  1:51  Probe  
  23  2:09  Adept  
  23  2:12  Adept  
  23  2:13  Warp Gate  
  23  2:15  Probe  
  27  2:44  Nexus  
  27  2:46  Assimilator  
  27  2:49  Pylon  
  27  2:51  Probe (Chrono Boost)  
  28  2:58  Adept  
  30  3:15  Probe (Chrono Boost)  
  31  3:25  Probe (Chrono Boost)  
  32  3:30  Probe (Chrono Boost)  
  30  3:41  Probe  
  30  3:48  Pylon  
  30  3:52  Robotics Facility  
  30  3:53  Probe  
  30  3:54  Twilight Council  
  31  3:56  Pylon  
  31  4:04  Forge  
  31  4:05  Probe (Chrono Boost)  
  33  4:13  Probe (Chrono Boost)  
  34  4:17  Sentry x2, Probe (Chrono Boost)  
  34  4:23  Probe (Chrono Boost)  
  40  4:25  Probe (Chrono Boost)  
  40  4:30  Probe (Chrono Boost)  
  41  4:31  Charge  
  41  4:33  Probe (Chrono Boost)  
  41  4:35  Probe (Chrono Boost)  
  43  4:43  Robotics Bay  
  43  4:51  Protoss Ground Weapons Level 1  
  44  4:53  Assimilator, Observer  
  44  4:56  Stalker  
  44  4:57  Stalker  
  48  5:01  Probe (Chrono Boost)  
  50  5:07  Probe (Chrono Boost)  
  50  5:12  Probe (Chrono Boost)  
  52  5:15  Probe (Chrono Boost)  
  52  5:17  Probe  
  53  5:26  Probe  
  54  5:31  Colossus (Chrono Boost)  
  60  5:42  Zealot x2  
  64  5:51  Probe, Gateway  
  64  5:52  Probe  
  66  5:57  Extended Thermal Lance  
  66  6:04  Stalker  
  68  6:20  Gateway  
  68  6:21  Pylon  
  68  6:36  Colossus (Chrono Boost)  
  73  6:42  Probe  
  73  6:43  Probe  
  75  6:50  Forge  
  75  6:55  Pylon  
  75  7:13  Nexus  
  75  7:15  Pylon  
  75  7:17  Assimilator  
  75  7:20  Colossus (Chrono Boost)  
  75  7:22  Assimilator  
  81  7:23  Pylon  
  81  7:26  Templar Archives  
  81  7:30  Gateway  
  81  7:33  Pylon  
  81  7:36  Probe (Chrono Boost), Gateway  
  83  7:38  Probe (Chrono Boost), Gateway  
  83  7:47  Pylon  
  83  7:48  Protoss Ground Weapons Level 2 (Chrono Boost), Probe (Chrono Boost)  
  83  7:50  Protoss Shields Level 1  
  85  7:53  Probe (Chrono Boost)  
  85  7:54  Probe (Chrono Boost)  
  86  8:00  Probe  
  86  8:02  Probe  
  88  8:20  Probe x2  
  88  8:25  High Templar x3  
  96  8:32  Probe x2  
  98  8:40  Gateway  
  98  8:41  Gateway  
  98  8:44  Probe, Gateway  
  98  8:48  High Templar x4  
  107  8:51  Archon  
  107  9:00  Archon x2  
  107  9:03  High Templar  
  107  9:04  High Templar  
  111  9:21  Archon  
  111  9:22  Stalker x5  
  121  9:29  Pylon  
  121  9:32  Pylon  
  121  9:33  Photon Cannon  
  121  9:34  Photon Cannon  
  121  9:35  Shield Battery  
  121  9:36  Shield Battery, Probe x3, Photon Cannon  
  124  9:49  Gateway  
  124  9:52  Gateway  
  124  9:53  Gateway  
  124  9:55  Pylon, Protoss Ground Armor Level 1 (Chrono Boost)  
  124  9:58  Pylon  
  124  10:00  Pylon  
  124  10:01  Pylon  
  124  10:03  Colossus (Chrono Boost)  
  124  10:06  Protoss Shields Level 2 (Chrono Boost)  
  130  10:13  High Templar x2  
  134  10:15  Stalker  
  134  10:16  Stalker x2  
  134  10:18  Archon  
  140  10:26  Blink (Chrono Boost)  
  140  10:50  High Templar x2  
  140  10:52  Observer (Chrono Boost)  
  140  10:53  Zealot x6  
  140  10:54  Zealot x5  
  140  10:56  Archon  
  167  11:05  Nexus  
  167  11:09  Pylon  
  167  11:12  Pylon  
  167  11:15  Assimilator  
  167  11:17  Assimilator  
  167  11:24  High Templar x4  
  175  11:30  Stalker  
  175  11:31  Stalker  
  179  11:35  Archon  
  179  11:36  Archon  
  179  11:44  Psionic Storm  
  179  11:56  Pylon  
  179  12:00  Shield Battery  
  179  12:03  Photon Cannon  
  179  12:07  Pylon  
  179  12:08  High Templar x2  
  181  12:11  Zealot x3  
  181  12:12  Zealot x4  
  181  12:14  Archon  
  177  12:36  Zealot x3  
  177  12:37  Zealot x8  
  173  12:49  High Templar  
  173  12:50  High Templar  
  177  13:34  High Templar x5  
  177  13:35  High Templar x3  
  177  13:37  Zealot x4  
  177  13:39  Archon x2  
  177  13:40  Archon x2  
Show
View Real Time Build Order
Export as new Build Order

Mesrob Terran - Winner!

Build Orders: Gas First Reaper Expand 

Get SALT Encoding   

  12  0:01  SCV  
  13  0:13  SCV  
  14  0:19  Supply Depot  
  14  0:25  SCV  
  15  0:32  Refinery  
  15  0:40  SCV  
  16  0:46  Barracks  
  16  0:57  SCV  
  17  1:10  SCV  
  18  1:22  SCV  
  19  1:34  Reaper  
  19  1:35  Orbital Command  
  20  1:48  Command Center  
  20  2:11  SCV  
  21  2:24  Factory  
  21  2:26  Barracks Reactor  
  21  2:35  Supply Depot  
  21  2:38  SCV  
  22  2:58  Refinery  
  22  3:02  Marine  
  22  3:03  Marine  
  24  3:09  Factory Tech Lab  
  24  3:10  Starport  
  24  3:14  SCV  
  25  3:25  Orbital Command  
  25  3:26  SCV  
  26  3:35  Siege Tank  
  29  3:43  Marine x2  
  29  3:44  Supply Depot  
  31  3:52  Refinery  
  31  3:54  SCV  
  32  3:57  SCV  
  33  4:04  Marine x2  
  33  4:06  SCV  
  33  4:07  Siege Tank  
  33  4:09  SCV  
  40  4:12  Liberator  
  40  4:18  Refinery, Supply Depot  
  40  4:21  SCV  
  41  4:30  Marine x2  
  46  4:34  Command Center  
  46  4:45  Supply Depot  
  46  4:46  SCV  
  46  4:48  Marine x2  
  46  4:49  SCV  
  50  4:58  SCV  
  51  5:01  Liberator, SCV  
  51  5:10  SCV  
  51  5:11  Marine  
  51  5:12  Marine  
  51  5:13  SCV  
  58  5:30  Starport  
  58  5:33  SCV x2  
  54  5:44  Liberator  
  54  5:45  SCV  
  48  6:07  Engineering Bay  
  38  6:52  Starport Reactor x2  
  38  7:02  Missile Turret  
  35  7:19  Marine  
  35  7:20  Marine  
  37  7:23  Missile Turret  
  37  7:25  Supply Depot  
  37  7:27  SCV  
  38  7:34  SCV  
  39  7:37  Marine  
  39  7:38  Marine  
  41  7:47  Missile Turret  
  41  7:54  SCV  
  41  7:57  Viking  
  44  8:00  Hellion  
  44  8:01  Marine x2  
  48  8:06  SCV  
  48  8:12  SCV  
  50  8:18  Marine, SCV  
  50  8:19  Marine  
  53  8:22  Hellion  
  53  8:24  SCV  
  56  8:30  SCV  
  57  8:36  Marine, SCV  
  57  8:37  Marine  
  60  8:47  SCV  
  61  8:48  SCV  
  61  8:54  Marine  
  63  8:59  SCV  
  64  9:11  SCV  
  65  9:23  SCV  
  65  9:24  SCV  
  64  9:35  SCV  
  64  9:36  SCV  
  66  9:45  Viking  
  66  9:46  Viking x3  
  66  9:47  SCV  
  66  9:48  Marine  
  66  9:49  Marine  
  66  9:51  Siege Tank  
  77  10:06  Marine  
  77  10:07  Marine  
  78  10:14  Planetary Fortress  
  79  10:15  Viking x2  
  79  10:16  Viking  
  79  10:18  Missile Turret  
  85  10:24  Marine x2, Siege Tank  
  90  10:35  Missile Turret  
  90  10:42  Marine x2  
  92  10:44  SCV  
  93  10:58  Missile Turret  
  93  11:02  Supply Depot  
  93  11:24  Viking, Siege Tank, SCV x3  
  93  11:25  Supply Depot x2  
  101  11:31  Armory  
  101  11:46  Marine x2  
  101  11:47  SCV x3  
  106  11:49  Supply Depot  
  106  11:59  SCV  
  106  12:00  SCV  
  108  12:01  SCV  
  108  12:04  Marine x2  
  111  12:11  SCV  
  111  12:12  SCV  
  111  12:13  SCV  
  113  12:19  Thor  
  119  12:23  SCV  
  119  12:24  SCV  
  119  12:26  SCV  
  122  12:35  SCV  
  113  12:55  Command Center  
Tags
 
Add a new tag
Caveats
  • Supply blocks, unpowered buildings, or Contaminate may cause inaccurate times.
  • Supply counts are checked every 10 seconds.